Mecha, neutral male gnomish Wizard --------------------------------- ------ |...............................|`###########-....| | ---- .-----.----|--..-----..|# |....| -.|...|.-..|..|..|(((|..|############...<.| |.|._.-.|..|..|..|(((|..|# |....| |.|...|.--------.|...|..|############.....| |.|...|....-.//|.-|---..-### ---|-- -.----|....| //|........|# # # . -+--.-----..-----.|# ### # -. |........-...|.|# # # |.-- -+---....|...|.|# ### # |.- ---- ----.-----.|# # # ----'| |..| +.......|# ### # |...@| |.. |.......|# # -+---|-- | ----.@..-----|---------.....{.|# ##-......| |...............................|# |>.*...| ---------------------------------# -------- Mecha the Conjurer Experience level: 5 Strength: 12 Dexterity: 12 Constitution: 14 Intelligence: 19 Wisdom: 12 Charisma: 9 Health: 0(36) Energy: 38(47) Def: 7 Gold: 44 Moves: 2813 Dungeon seed: BaAQW8GVSU-f_0FA Game ID: Mecha_1478416307 Your Inventory: Coins $ - 44 gold pieces Weapons a - a blessed +1 quarterstaff v - 8 +0 darts (in quiver) y - 4 cursed -1 darts J - a +0 dagger (weapon in hand) M - 2 poisoned +0 darts R - a blessed +1 aklys Armor e - an uncursed +0 cloak of magic resistance (being worn) q - an uncursed +0 pair of high boots (being worn) F - a cursed -1 elven mithril-coat (being worn) Comestibles C - an uncursed tin of giant rat meat D - an uncursed tripe ration Scrolls h - an uncursed scroll of food detection i - an uncursed scroll of identify j - an uncursed scroll of remove curse n - an uncursed scroll of teleportation u - an uncursed scroll of confuse monster x - an uncursed scroll of light z - a cursed scroll of create monster G - an uncursed scroll of enchant armor Spellbooks k - a blessed spellbook of force bolt l - an uncursed spellbook of create monster Potions f - an uncursed potion of confusion g - 2 uncursed potions of healing r - an uncursed potion of object detection Rings c - an uncursed ring of cold resistance (on left hand) d - an uncursed ring of stealth (on right hand) t - a cursed ring of polymorph Wands b - a wand of slow monster (0:4) m - a wand of create monster (0:12) Tools o - an uncursed credit card A - an uncursed tin whistle H - an uncursed stethoscope Q - an uncursed tin whistle Gems B - an uncursed worthless piece of violet glass I - an uncursed worthless piece of green glass N - 2 uncursed aquamarine stones O - an uncursed jade stone P - an uncursed citrine stone Y - an uncursed opal Spells and supernatural/magical abilities: Name Level Category Fail Memory a - force bolt 1 attack 39% 99% O - create monster 2 clerical 86% 86% W - pray for help -- divine ? -- Your skills at the end: Fighting Skills Weapon Skills dagger [Basic] quarterstaff [Basic] Spellcasting Skills attack spells [Basic] enchantment spells [Basic] Final Attributes: You had sinned. You were cold resistant. You were magic-protected. You had infravision. You were stealthy. You are dead. Vanquished creatures: a small mimic a rock mole a pony a shrieker 2 kittens a dwarf a giant bat 2 orc zombies an iguana an acid blob a hobbit 4 large kobolds 4 giant rats 2 cave spiders 3 yellow molds a green mold a red mold 5 gnomes 3 garter snakes a gnome zombie 3 geckos 3 jackals a fox 5 kobolds 9 grid bugs 3 bats a lichen a kobold zombie 5 newts 68 creatures vanquished. Voluntary challenges: You were an atheist. You used a wielded weapon 107 times, starting on turn 14. You read items or engraved 2 times, starting on turn 2475. You never genocided any monsters. You never polymorphed an object. You never changed form. You used no wishes. You never split a pudding. You never wrote Elbereth's name. You violated your moral code, losing 51 points of alignment, starting on turn 2031. Dungeon overview: The Dungeons of Doom: levels 1 to 3 Level 1 a long staircase Level 2 a general store stairs to The Gnomish Mines Level 3 a general store The Gnomish Mines: levels 3 to 5 Level 3 stairs to The Dungeons of Doom Level 4 Level 5 <- You were here some shops, a temple to Anhur, a fountain History has recorded: On T:1 you entered the Dungeons of Doom to retrieve the Amulet of Yendor! On T:456 you reached level 2 of The Dungeons of Doom. On T:510 you advanced to experience level 2. On T:796 you reached level 3 of The Dungeons of Doom. On T:868 you advanced to experience level 3. On T:1053 you advanced to experience level 4. On T:1284 you reached level 1 of The Gnomish Mines. On T:1950 you reached level 2 of The Gnomish Mines. On T:1993 you advanced to experience level 5. On T:2495 you reached level 3 of The Gnomish Mines. Score breakdown: Gold: 44 ( 5623 points) Experience: 5 levels (11141 points) Exploration: 5 levels ( 10.42%) ( 8751 points) Discoveries: 4 items ( 1.39%) ( 3535 points) Valuables value: (no points given unless you survive) Artifact value: 0 ( 0 points) Variety of kills: 29 monsters ( 7.61%) ( 8276 points) Turncount: 2813 turns ( -504 points) Survival: died (score multiplied by 80%) Total score: 29457 Latest messages: The straw golem hits! You hit the straw golem. The straw golem hits! The straw golem just misses! You hit the straw golem. The straw golem hits! (2x) You hit the straw golem. The straw golem hits! (2x) You miss the straw golem. The straw golem hits! (2x) Never mind. You fail to cast the spell correctly. The straw golem hits! The straw golem misses. You fail to cast the spell correctly. The straw golem hits! (2x) The spell misses the straw golem. The straw golem hits! (2x) You die... Final status: Goodbye Mecha the Wizard, killed by a straw golem... You died in The Gnomish Mines on dungeon level 5 with 29457 points, and 44 pieces of gold, after 2813 moves. You were level 5 with a maximum of 36 hit points when you died.